 Dungeon Crawl Stone Soup version 0.30-b1-2-g02819fbbbe (webtiles) character file.

Game seed: 10814247382589288550

18 raph the Caller (level 2, 0/15 HPs)
             Began as a Tengu Summoner on Nov 6, 2023.
             Slain by a goblin
             ... wielding a +0 club
             ... led by Robin
              (4 damage)
             ... on level 2 of the Dungeon.
             The game lasted 00:02:41 (988 turns).

raph the Caller (Tengu Summoner)                     Turns: 988, Time: 00:02:42

Health: 0/15       AC:  2    Str:  8    XL:     2   Next: 66%
Magic:  3/6        EV: 12    Int: 15    God:
Gold:   36         SH:  0    Dex: 14    Spells: 2/5 levels left

rFire   . . .        c - +1 spear
rCold   . . .        (no shield)
rNeg    . . .        a - +0 robe
rPois   .            (helmet restricted)
rElec   .            (no cloak)
rCorr   .            (no gloves)
SInv    .            (boots unavailable)
Will    .....        (no amulet)
Stlth   ++           (no ring)
HPRegen 0.22/turn    (no ring)
MPRegen 0.10/turn

%: no passive effects
@: no status effects
A: beak, talons 3
a: no special abilities


You were on level 2 of the Dungeon.
You visited 1 branch of the dungeon, and saw 2 of its levels.

You collected 36 gold pieces.

Inventory:

Hand Weapons
 c - a +1 spear (weapon)
 h - a +0 dagger
Missiles
 g - a throwing net
Armour
 a - a +0 robe (worn)
Scrolls
 d - a scroll of enchant weapon
Potions
 b - a potion of magic
 e - a potion of ambrosia
 f - a potion of heal wounds {unknown}


   Skills:
 - Level 2.1 Dodging
 - Level 2.0 Stealth
 + Level 2.1 Spellcasting
 * Level 5.6 Summonings


You had 2 spell levels left.
You knew the following spells:

 Your Spells              Type           Power      Damage    Failure   Level
a - Summon Small Mammal   Summ           72%        N/A       2%          1
b - Call Imp              Summ           36%        N/A       3%          2

Your spell library contained the following spells:

 Spells                   Type           Power      Damage    Failure   Level
 Blink                    Tloc           2%         N/A       32%         2
 Lesser Beckoning         Tloc           2%         N/A       32%         2
 Momentum Strike          Conj/Tloc      2%         3d8       32%         2
 Call Canine Familiar     Summ           18%        N/A       6%          3
 Summon Guardian Golem    Hex/Summ       10%        N/A       21%         3
 Summon Lightning Spire   Summ/Air       10%        N/A       56%         4


Dungeon Overview and Level Annotations

Branches:
Dungeon (2/15)

Altars:

Shops:
D:1 (

Annotations:
D:2 Robin


Innate Abilities, Weirdness & Mutations

You have a beak for a mouth.
You have claws for feet.


Message History

Reach: c) +1 spear
Press: ? - help, Dir - move target, f/p - goblin
Aim: a goblin, wielding a +0 dagger (strong, ally target, about 45% to evade your +1 spear)
You barely miss the goblin. Your peck misses the goblin.
Your quokka bites the goblin.
The goblin hits your cerulean imp with a +0 dagger.
The goblin hits you with a +0 dagger.
Your cerulean imp closely misses the goblin.
Something barely misses your quokka.
Reach: c) +1 spear
Press: ? - help, Dir - move target, f/p - goblin
Aim: a goblin, wielding a +0 dagger (moderately wounded, strong, ally target, about 45% to evade your +1 spear)
You barely miss the goblin. You claw the goblin.
The goblin is severely wounded.
Your quokka bites the goblin.
The goblin dies!
The goblin hits your cerulean imp but does no damage.
Robin throws the goblin at you!
* * * LOW HITPOINT WARNING * * *
Something barely misses your quokka.
Your quokka barely misses the goblin.
You hit the goblin.
You kill the goblin!
Something hits your quokka.
Your cerulean imp hits Robin with a -3 spear.
You swap places. 2 goblins come into view.
The goblin no longer looks unusually strong.
Robin completely misses your cerulean imp.
A hobgoblin comes into view.
A goblin comes into view. It is wielding a +0 club.
Your cerulean imp hits Robin with a -3 spear.
Items here: )) ††.
Robin roars a battlecry!
The goblin goes into a battle-frenzy!
Your cerulean imp closely misses Robin.
There is a stone staircase leading up here.
Robin roars a battlecry!
The goblin goes into a battle-frenzy!
The goblin hits you with a +0 club.
You die...

##.## ...# .#.#
#######g..##
#...gggg..g #.#
#g# #.#######g#
#.g)g5r.g@#
#..######## #..#
#..#
#.###..########
#..............
######..########
........#
#######.#


You could see Robin (ally target), 2 hobgoblins, 3 goblins, a friendly cerulean
imp (summoned) and a friendly quokka (summoned).

Vanquished Creatures
  An endoplasm (D:1)
  A goblin (D:2)
  A ball python (D:1)
  2 kobolds (D:1)
  A rat (D:1)
6 creatures vanquished.

Vanquished Creatures (collateral kills)
  A ball python (D:1)
  2 endoplasms (D:1)
  2 goblins (D:2)
  A hobgoblin (D:2)
  3 kobolds (D:1)
  A bat (D:1)
10 creatures vanquished.

Grand Total: 16 creatures vanquished

Notes
Turn   | Place    | Note
-------+----------+-------------------------------------------
     0 | D:1      | raph the Tengu Summoner began the quest for the Orb.
     0 | D:1      | Reached XP level 1. HP: 10/10 MP: 4/4
    90 | D:1      | Reached skill level 5 in Summonings
   171 | D:1      | Reached XP level 2. HP: 15/15 MP: 4/6
   209 | D:1      | Learned a level 2 spell: Call Imp
   325 | D:1      | Found Noge's Weapon Emporium.
   969 | D:2      | Noticed Robin
   988 | D:2      | Slain by a goblin

Illustrated notes

Levels and vault maps discovered:
D:1:      saegor_arrival_simple_d, layout_loops_ring, serial_shops,
          nicolae_shop_bloodbath_and_beyond
D:2:      layout_loops_ring, grunt_decor_mini_mirrors,
          corexii_item_surrounded_by_moat, chequers_big_river,
          kennysheep_potato, uniq_robin, uniq_crazy_yiuf_cottage

Skill      XL: |  1 |
---------------+----+-----
Summonings     | 5 |  5.6
Dodging        | |  2.1
Stealth        | |  2.0
Spellcasting   | |  2.1

Action                     || total
---------------------------++-------
  Melee: Spear             ||    22
         Kick              ||     3
         Peck              ||     1
   Cast: Summon Small Mamm ||    13
         Call Imp          ||     2
    Use: Scroll            ||     4
   Stab: Sleeping          ||     1
  Dodge: Dodged            ||     8
